 Dungeon Crawl Stone Soup version 0.32-a0-306-gfed3edf829 (webtiles) character file.

Game seed: 13993384247492111801

22606 jasper the Severer (level 12, -2/110 HPs)
             Began as a Mountain Dwarf Fighter on Feb 14, 2024.
             Was a Priest of Beogh.
             Succumbed to Sonja's curare-tipped dart
             ... on level 1 of the Lair of Beasts.
             The game lasted 00:30:26 (17648 turns).

jasper the Severer (Mountain Dwarf Fighter)        Turns: 17648, Time: 00:30:26

Health: -2/110     AC: 22    Str: 23    XL:     12   Next: 64%
Magic:  20/20      EV:  7    Int: 10    God:    Beogh [***...]
Gold:   436        SH:  4    Dex:  9    Spells: 11/11 levels left

rFire   . . .        m - +3 war axe (heavy)
rCold   . . .        c - +0 buckler
rNeg    + . .        q - +1 plate armour
rPois   .            J - +1 helmet
rElec   .            E - +1 cloak
rCorr   .            (no gloves)
SInv    .            k - +0 pair of boots
Will    ++...        (no amulet) Stlth
                     H - ring of positive energy
HPRegen 0.38/turn    O - ring of willpower
MPRegen 0.17/turn

%: no passive effects
@: lethally poisoned (-2 -> -46), slowed, very slow
A: runic magic, artefact enchanting
a: Renounce Religion, Smiting, Recall Apostles, Dismiss Borgoth, wizard


You were on level 1 of the Lair of Beasts.
You worshipped Beogh.
Beogh was most pleased with you.
You visited 2 branches of the dungeon, and saw 12 of its levels.

You collected 660 gold pieces.
You spent 224 gold pieces at shops.

Inventory:

Hand Weapons
 a - a +0 war axe
 d - a +0 hand axe of venom
 f - a +0 flail
 m - a +3 heavy war axe (weapon)
 n - a +2 whip of flaming
 r - a +1 flail of protection
 G - the +2 flail of the Tundras {venom, rPois Str-3 Dex+2}
   (You found it on level 9 of the Dungeon)

   Str-3:     It affects your strength (-3).
   Dex+2:     It affects your dexterity (+2).
   rPois:     It protects you from poison
Missiles
 j - 115 stones
 l - 3 poisoned darts
 v - 9 boomerangs (quivered)
 w - 2 javelins
Armour
 b - a +0 scale mail
 c - a +0 buckler (worn)
 k - a +0 pair of boots (worn)
 o - a +3 scale mail of positive energy
 q - a +1 plate armour (worn)
 t - a scarf of invisibility
 u - a +0 buckler
 E - a +1 cloak (worn)
 F - a +0 kite shield
 J - a +1 helmet (worn)
Jewellery
 H - a ring of positive energy (left hand)
 K - a ring of positive energy
 M - a ring of flight
 N - a ring of see invisible
 O - a ring of willpower (right hand)
Talismans
 D - a serpent talisman
Wands
 y - a wand of charming (11)
 z - a wand of roots (7)
 Q - a wand of mindburst (7)
 U - a wand of flame (15)
Scrolls
 g - 2 scrolls of enchant armour
 i - 4 scrolls of vulnerability
 p - 5 scrolls of poison
 x - a scroll of identify
 A - a scroll of fog
 B - a scroll of butterflies
 I - 2 scrolls of teleportation
Potions
 e - 5 potions of enlightenment
 h - 2 potions of mutation
 s - 2 potions of magic
 L - a potion of haste
 P - a potion of lignification
 S - 2 potions of resistance


   Skills:
 + Level 11.5 Fighting
 - Level 16.0 Axes
 + Level 11.4 Armour
 + Level 4.4 Shields
 + Level 11.2 Invocations


You had 11 spell levels left.
You didn't know any spells.
Your spell library contained the following spells:

 Spells                   Type           Power      Damage    Failure   Level
 Necrotise                Necr           0%         1d4       63%         1
 Static Discharge         Conj/Air       0%         3-3/arc   77%         2
 Call Canine Familiar     Summ           0%         N/A       94%         3
 Inner Flame              Hex/Fire       0%         N/A       94%         3
 Ozocubu's Armour         Ice            0%         N/A       94%         3
 Sigil of Binding         Hex            0%         N/A       94%         3
 Airstrike                Air            0%         2d(0-16)  100%        4
 Dimensional Bullseye     Hex/Tloc       0%         N/A       100%        4
 Flame Wave               Conj/Fire      0%         2d4       100%        4
 Sticky Flame             Fire/Alch      0%         2d4       100%        4
 Summon Blazeheart Golem  Fire/Summ      0%         N/A       100%        4
 Summon Lightning Spire   Summ/Air       0%         N/A       100%        4
 Metabolic Englaciation   Hex/Ice        0%         N/A       100%        5
 Sculpt Simulacrum        Ice/Alch       0%         N/A       100%        6
 Orb of Destruction       Conj           0%         9d5       100%        7
 Spellforged Servitor     Conj/Summ      0%         N/A       100%        7


Dungeon Overview and Level Annotations

Branches:
Dungeon (11/15)            Temple (0/1) D:7            Lair (1/5) D:9
    Orc (0/2) D:10

Altars:
Dithmenos
Elyvilon
Kikubaaqudgha
Nemelex Xobeh
Okawaru
Qazlal
Sif Muna
Vehumet
Xom
Yredelemnul

Shops:
D:5 (*   D:6 :

Annotations:
Lair:1 Sonja


Innate Abilities, Weirdness & Mutations

Your facial features are unmistakably orcish.
Your spellcasting is much less encumbered by armour.
You can use scrolls of enchantment on lesser artefacts.


Message History

The rime drake breathes ice at you.
The icy flash freeze hits you but does no damage.
You are encased in ice.
Sonja throws a curare-tipped dart.
The curare-tipped dart barely misses Borgoth.
The curare-tipped dart hits you.
You are more poisoned.
You have difficulty breathing.
You feel as though you will be slow longer.
Borgoth completely misses Sonja.
You take 11 damage, and have 34/110 hp.
The ice encasing you melts away.
You feel extremely sick.
Sonja throws a curare-tipped dart.
The curare-tipped dart hits you.
You are lethally poisoned!
You have difficulty breathing.
* * * LOW HITPOINT WARNING * * *
You feel as though you will be slow longer.
Sonja throws a curare-tipped dart.
The curare-tipped dart hits you.
You are more poisoned.
You have difficulty breathing.
* * * LOW HITPOINT WARNING * * *
You feel as though you will be slow longer.
Borgoth casts a spell at Sonja.
The puff of frost hits Sonja!
The rime drake bites you but does no damage.
Sonja hits Borgoth with a +1 short sword of distortion.
Space warps horribly around Borgoth!
Borgoth dies!
You swear to avenge Borgoth's death!
You take 23 damage, and have 11/110 hp.
MASSIVE DAMAGE!!
Okay, then.
Unknown command.
Okay, then.
Okay, then.
Unknown command.
Unknown command.
You slice the rime drake!!
The rime drake is severely wounded.
You die...

#............
#............
#............
#............
#..!.....?...
#......##
#...<...#..
#...k.K?.....#
#..@.†......##
#..........##
#..........#
#.........##
#.......##.#
#...........
.......##..
##.....## ..
###....


You could see a rime drake (target of vengeance) and Sonja (very poisoned,
target of vengeance).

Vanquished Creatures
  A rakshasa (D:10)
  A hydra (D:10)
  A centaur warrior (D:10)
  3 two-headed ogres
  A boulder beetle (D:11)
  An ogre mage (D:10)
  Lodul (D:11)
  An arcanist (D:10)
  Pikel (D:7)
  Maurice (D:8)
  2 cyclopes
  6 centaur zombies (D:11)
  Joseph (D:8)
  2 gargoyles (D:11)
  An unseen horror (D:11)
  4 komodo dragons
  Psyche (D:8)
  A troll (D:9)
  3 hornets
  Prince Ribbit (D:5)
  A shadow (D:11)
  2 wraiths
  2 vampires (D:11)
  4 fire bats (D:11)
  17 yaks
  2 wyverns (D:10)
  3 vampire mosquitoes (D:10)
  A steam dragon (D:8)
  Edmund (D:4)
  3 acid dragons
  3 water moccasins
  A black bear (D:9)
  4 orc warriors
  3 ice beasts
  4 ogres (D:11)
  2 centaurs
  A phantom (D:6)
  4 lemures (D:7)
  4 bullfrogs
  8 gnoll sergeants
  3 scorpions
  3 wights
  5 killer bees (D:10)
  4 electric eels (D:7)
  4 howler monkeys
  A bombardier beetle (D:6)
  4 hounds
  3 jellies
  2 orc priests
  A gnoll bouda (D:10)
  2 sleepcaps
  4 iguanas
  6 orc wizards
  6 adders
  26 gnolls
  A shadow imp (D:7)
  2 white imps
  4 ufetubi
  2 ribbon worms
  17 orcs
  7 ball pythons
  14 endoplasms
  3 giant cockroaches
  4 goblins
  8 hobgoblins
  2 jackals (D:4)
  7 kobolds
  3 quokkas
  5 bats
  4 frilled lizards
  5 rats
266 creatures vanquished.

Vanquished Creatures (collateral kills)
  A komodo dragon (Lair:1)
1 creature vanquished.

Vanquished Creatures (others)
  An orc apostle (Lair:1)
  A shadow (D:10)
  A hound (D:6)
  An orc priest (D:11)
  An orc wizard (D:11)
  2 gnolls (D:11)
  An ufetubus (D:6)
  9 orcs
17 creatures vanquished.

Grand Total: 284 creatures vanquished

Notes
Turn   | Place    | Note
-------+----------+-------------------------------------------
     0 | D:1      | jasper the Mountain Dwarf Fighter began the quest for the
                  | Orb.
     0 | D:1      | Reached XP level 1. HP: 19/19 MP: 1/1
    85 | D:1      | Reached skill level 3 in Axes
   103 | D:1      | Reached XP level 2. HP: 26/26 MP: 2/2
   273 | D:1      | Reached skill level 4 in Axes
   369 | D:1      | Reached XP level 3. HP: 31/31 MP: 3/3
   953 | D:1      | Reached skill level 5 in Axes
  1457 | D:2      | Reached XP level 4. HP: 38/38 MP: 4/4
  2248 | D:3      | Reached skill level 6 in Axes
  2249 | D:3      | Became a worshipper of Beogh the Shepherd
  3018 | D:3      | Reached XP level 5. HP: 39/45 MP: 5/5
  3172 | D:3      | Reached skill level 7 in Axes
  3665 | D:4      | Reached * piety under Beogh
  3695 | D:4      | Reached XP level 6. HP: 51/51 MP: 6/6
  3930 | D:4      | Reached skill level 8 in Axes
  4189 | D:4      | Noticed Edmund
  4215 | D:5      | Entered Level 5 of the Dungeon
  4351 | D:5      | Noticed Prince Ribbit
  4364 | D:5      | Found Alamoplo's Antique Weapon Shop.
  4875 | D:4      | Reached skill level 9 in Axes
  4875 | D:4      | Reached XP level 7. HP: 57/57 MP: 7/7
  4941 | D:5      | Found a transporter.
  4941 | D:5      | Found Dymumeeb's Assorted Antiques.
  5430 | D:7      | Found a shadowy altar of Dithmenos.
  5482 | D:7      | Found a radiant altar of Vehumet.
  5545 | D:7      | Reached skill level 10 in Axes
  5647 | D:7      | Noticed Pikel
  5696 | D:7      | Killed Pikel
  5697 | D:7      | Reached skill level 5 in Fighting
  5697 | D:7      | Reached skill level 5 in Armour
  5697 | D:7      | Reached XP level 8. HP: 34/68 MP: 8/8
  5960 | D:7      | Found a shimmering blue altar of Sif Muna.
  5961 | D:7      | Found an ancient bone altar of Kikubaaqudgha.
  5964 | D:7      | Got Kikubaaqudgha's Secrets of Cadavers
  6188 | D:8      | Noticed Joseph
  6254 | D:7      | Reached skill level 11 in Axes
  6481 | D:8      | Noticed Maurice
  7484 | D:6      | Reached ** piety under Beogh
  7511 | D:6      | Found a shimmering altar of Xom.
  7524 | D:6      | Reached XP level 9. HP: 70/75 MP: 9/9
  7667 | D:6      | Reached skill level 12 in Axes
  7767 | D:6      | Found Tajapl Xoann's Book Emporium.
  7776 | D:6      | Paralysed by a hornet for 2 turns
  8587 | D:5      | Killed Prince Ribbit
  8734 | D:5      | Found a transporter.
  9032 | D:5      | Reached skill level 5 in Invocations
  9189 | D:5      | Bought a scroll of fog for 112 gold pieces
  9189 | D:5      | Bought a scroll of butterflies for 112 gold pieces
  9481 | D:7      | Found a staircase to the Ecumenical Temple.
  9752 | D:4      | Killed Edmund
 10261 | D:8      | Found a sparkling altar of Nemelex Xobeh.
 10261 | D:8      | Found an iron altar of Okawaru.
 10261 | D:8      | Found a basalt altar of Yredelemnul.
 10261 | D:8      | Found a white marble altar of Elyvilon.
 10468 | D:8      | Noticed Psyche
 10473 | D:8      | Reached skill level 13 in Axes
 10479 | D:8      | Killed Psyche
 10480 | D:8      | Reached XP level 10. HP: 59/86 MP: 13/13
 10637 | D:8      | Something stole a +1 flail of protection
 10642 | D:8      | Something stole 85 gold
 10647 | D:8      | Something stole a serpent talisman
 10648 | D:8      | Something stole a +0 buckler
 10671 | D:8      | HP: 4/86 [something (5)]
 10672 | D:8      | Killed Maurice
 11101 | D:8      | Killed Joseph
 11296 | D:8      | Found a stormy altar of Qazlal.
 11670 | D:9      | Identified the +2 flail of the Tundras {venom, rPois Str-3
                  | Dex+2}
 11978 | D:9      | Identified the +0 barding of Resonance {Harm rF- rC+}
 12446 | D:9      | Reached skill level 14 in Axes
 12922 | D:9      | Found a staircase to the Lair.
 13234 | D:10     | Entered Level 10 of the Dungeon
 13256 | D:10     | Found a staircase to the Orcish Mines.
 13602 | D:10     | Noticed an arcanist
 13614 | D:10     | Killed an arcanist
 13615 | D:10     | Reached XP level 11. HP: 97/97 MP: 16/16
 14220 | D:10     | Noticed a rakshasa
 14243 | D:10     | Killed a rakshasa
 14491 | D:10     | Noticed a two-headed ogre
 14507 | D:10     | Killed a two-headed ogre
 14884 | D:10     | Reached skill level 10 in Fighting
 14897 | D:10     | Reached skill level 10 in Armour
 15324 | D:10     | Noticed a six-headed hydra
 15337 | D:10     | Killed a six-headed hydra
 15661 | D:10     | Noticed an ogre mage
 15672 | D:10     | Paralysed by something for 4 turns
 15673 | D:10     | Killed an ogre mage
 15699 | D:10     | Noticed a centaur warrior
 15726 | D:10     | Killed a centaur warrior
 15727 | D:10     | Reached skill level 10 in Invocations
 15935 | D:10     | Noticed a two-headed ogre
 15937 | D:10     | Killed a two-headed ogre
 16361 | D:11     | Reached XP level 12. HP: 96/110 MP: 19/19
 16961 | D:11     | Noticed a boulder beetle
 16987 | D:11     | Killed a boulder beetle
 16988 | D:11     | Reached skill level 15 in Axes
 16998 | D:11     | Noticed a two-headed ogre
 17001 | D:11     | Killed a two-headed ogre
 17376 | D:11     | Reached skill level 16 in Axes
 17393 | D:11     | Noticed Lodul
 17404 | D:11     | Reached *** piety under Beogh
 17406 | D:11     | Killed Lodul
 17496 | D:9      | Noticed Borgoth
 17515 | D:9      | Anointed Borgoth the wizard as your apostle
 17637 | Lair:1   | Entered Level 1 of the Lair of Beasts
 17637 | Lair:1   | Noticed Sonja
 17647 | Lair:1   | Your ally Borgoth died
 17648 | Lair:1   | Succumbed to Sonja's curare-tipped dart

Illustrated notes

Levels and vault maps discovered:
D:1:      noname_arrival_rooms_in_the_neighbourhood, layout_basic,
          minmay_distorted
D:2:      layout_loops_cross, dk_noncrumbling_2
D:3:      layout_basic, guppyfry_early_orc_mine
D:4:      layout_loops_ring, nicolae_hexahallways, st_stairs_10, uniq_edmund
D:5:      layout_loops_cross, serial_shops, nicolae_shop_drivethru,
          nicolae_shop_waterfront, uniq_prince_ribbit1
D:6:      layout_basic, xom_confusion_cloud, serial_shops, shop
D:7:      layout_cave_pools, grunt_temple_overflow_magic_moments,
          grunt_dithmenos_shadows, minmay_temple_entry_ruins, serial_bayou,
          serial_bayou_pond_b, serial_bayou_crossing, serial_bayou_shore_a,
          serial_bayou_pond_e, uniq_pikel
D:8:      layout_basic, grunt_qazlal_clouds, grunt_temple_overflow_cloverleaf,
          uniq_maurice, uniq_psyche, uniq_joseph
D:9:      layout_loops_corners, grunt_lair_entry_orc_guard_hut
D:10:     nicolae_hexawheel, layout_layer_cave, orc_0_dummy
D:11:     regret_index_infernal_bastille, layout_loops_ring, uniq_lodul
Lair:1:   layout_cave_pods, uniq_jeremiah, uniq_sonja, uniq_grum

Skill      XL: |  1  2  3  4  5  6  7  8  9 10 11 12 |
---------------+-------------------------------------+-----
Axes           | 3 4 5 6 7 9 10 11 13 14 16 | 16.0
Fighting       | 5 6 7 9 11 | 11.5
Armour         | 5 6 7 9 11 | 11.4
Invocations    | 5 7 10 11 | 11.2
Shields        | 4 |  4.4

Action                     |  1- 3 |  4- 6 |  7- 9 | 10-12 || total
---------------------------+-------+-------+-------+-------++-------
  Melee: War axe           |    93 |   111 |     9 |   126 ||   339
         Hand axe          |       |    92 |   349 |   497 ||   938
         Flail             |       |       |       |     9 ||     9
  Throw: Stone             |       |     5 |     3 |       ||     8
         Dart              |       |       |    11 |       ||    11
         Boomerang         |       |       |     3 |     6 ||     9
 Invoke: Convert to Beogh  |       |     1 |       |       ||     1
         Smiting           |       |       |     4 |    15 ||    19
         Recruit Apostle   |       |       |       |     1 ||     1
  Evoke: Wand              |       |       |       |     8 ||     8
    Use: Potion            |     1 |     8 |     3 |     6 ||    18
         Scroll            |       |    15 |     4 |     7 ||    26
 Armour: Scale mail        |    38 |       |       |       ||    38
         Plate armour      |    20 |   157 |   256 |   644 ||  1077
  Dodge: Dodged            |    40 |    51 |    77 |   170 ||   338
  Block: Buckler           |    12 |    34 |    58 |    27 ||   131
         Kite shield       |       |       |       |   179 ||   179

Table legend: (Time is in decaauts)
 A = Elapsed time spent in this place.
 B = Non-inter-level travel time spent in this place.
 C = Inter-level travel time spent in this place.
 D = Time resting spent in this place.
 E = Time spent auto-exploring this place.
 F = Levels seen in this place.
 G = Mean time per level.
                   A        B        C        D        E       F      G
               +--------+--------+--------+--------+--------+-----+--------+
         Total |  17502 |  16644 |    858 |   6020 |   6268 |  12 | 1458.5 |
       Dungeon |  17488 |  16630 |    858 |   6020 |   6268 |  11 | 1589.8 |
          Lair |     14 |     14 |      0 |      0 |      0 |   1 |   14.0 |
               +--------+--------+--------+--------+--------+-----+--------+

Top non-repeatable levels by time:
    D:10: 2904 daAuts
     D:8: 2133 daAuts
     D:9: 1784 daAuts
     D:7: 1765 daAuts
     D:4: 1657 daAuts
     D:3: 1479 daAuts
    D:11: 1272 daAuts
     D:5: 1243 daAuts
     D:2: 1150 daAuts
     D:1: 1120 daAuts
     D:6: 976 daAuts
  Lair:1: 14 daAuts
